 Dungeon Crawl Stone Soup version 0.24-a0-416-g56ce5178b7 (webtiles) character file.

Game seed: 17651701307654909981

30 Kuinu the Skirmisher (level 3, 0/33 HPs)
             Began as a Draconian Berserker on June 8, 2019.
             Was a Follower of Trog.
             Succumbed to a goblin's poison
             ... while paralysed
             ... on level 1 of the Dungeon.
             The game lasted 00:02:10 (674 turns).

Kuinu the Skirmisher (Draconian Berserker)           Turns: 674, Time: 00:02:11

Health: 0/33       AC:  5    Str: 20    XL:     3   Next: 5%
Magic:  3/3        EV:  2    Int:  7    God:    Trog [*.....]
Gold:   70         SH:  0    Dex: 10    Spells: 2/2 levels left

rFire    . . .     SeeInvis .   a - +0 falchion
rCold    . . .     Gourm    .   (no shield)
rNeg     . . .     Faith    .   (armour unavailable)
rPois    .         Spirit   .   (helmet restricted)
rElec    .         Reflect  .   (no cloak)
rCorr    .         Harm     .   (no gloves)
MR       .....                  (no boots)
Stlth    +.........             (no amulet)
HPRegen  0.11/turn              (no ring)
MPRegen  0.08/turn              (no ring)

@: paralysed, lethally poisoned (0 -> -5), berserk cooldown, slowed
A: unfitting armour, cold-blooded, AC +5
a: Berserk, Renounce Religion


You were on level 1 of the Dungeon.
You worshipped Trog.
Trog was aware of your devotion.
You were not hungry.

You visited 1 branch of the dungeon, and saw 1 of its levels.

You collected 70 gold pieces.

Inventory:

Hand Weapons
 a - a +0 falchion (weapon)
Armour
 e - a +0 shield
Scrolls
 d - a scroll of enchant weapon {unknown}
Potions
 c - a potion of heal wounds {unknown}
 f - a potion of degeneration {unknown}
 g - a potion of curing {unknown}
Comestibles
 b - 3 rations


   Skills:
 * Level 3.9 Fighting
 * Level 3.5 Long Blades
 + Level 3.0 Dodging


You had 2 spell levels left.
You didn't know any spells.
Your spell library was empty.

Dungeon Overview and Level Annotations

Branches:
Dungeon (1/15)

Altars:


Innate Abilities, Weirdness & Mutations

Your plain brown scales are hard. (AC +5)
You cannot fit into any form of body armour.
You are cold-blooded and may be slowed by cold attacks.


Message History

You have reached level 3!
Your experience leads to an increase in your attributes!
Your base attributes are Str 19, Int 7, Dex 10.
Increase (S)trength, (I)ntelligence, or (D)exterity?
You feel stronger.
Your scales feel tougher.
* * * LOW HITPOINT WARNING * * *
You feel sick.
You see here a dart slug corpse.
You butcher the dart slug corpse.
You feel a strong urge to attack something.
* * * LOW HITPOINT WARNING * * *
You feel sick.
You see here a chunk of flesh.
There isn't anything to butcher here.
You are no longer berserk.
You pass out from exhaustion.
You feel yourself slow down.
* * * LOW HITPOINT WARNING * * *
You feel sick.
You die...

#.[.......# #
#.........##########
#.........#.........
####.........#.........
#..........).#.........
#............#.........
#.....#######..........
...#...>..)...............
.........@######..........
#.......%.....##.....#....
#.........................
..............########.#..
..........................
......##......###.....#...
..........................
..............###.....#...
#..........##...###.........


There were no monsters in sight!

Vanquished Creatures
  A dart slug (D:1)
  2 leopard geckos (D:1)
  A giant cockroach (D:1)
  3 goblins (D:1)
  4 hobgoblins (D:1)
  3 jackals (D:1)
  2 bats (D:1)
  3 frilled lizards (D:1)
  5 kobolds (D:1)
  A rat (D:1)
25 creatures vanquished.

Notes
Turn   | Place    | Note
-------+----------+-------------------------------------------
     0 | D:1      | Kuinu the Draconian Berserker began the quest for the Orb.
     0 | D:1      | Reached XP level 1. HP: 19/19 MP: 1/1
   136 | D:1      | Reached XP level 2. HP: 15/26 MP: 2/2
   668 | D:1      | Reached XP level 3. HP: 5/33 MP: 3/3
   672 | D:1      | HP: 1/33 [poisoned by a goblin]
   674 | D:1      | Succumbed to a goblin's poison

Levels and vault maps discovered:
D:1:      nzn_arrival_water_spiral, layout_basic

Skill      XL: |  1  2 |
---------------+-------+-----
Dodging        | 3 |  3.0
Fighting       | |  3.9
Long Blades    | |  3.5

Action                   || total
-------------------------++-------
Melee: Falchion          ||    55
       Tailslap          ||     7
Invok: Berserk           ||     1
Armor: Skin              ||    15
Dodge: Dodged            ||    41
Block: Shield            ||     3
       Rpst.: Falchion   ||    14

Table legend:
 A = Non-vault XP
 B = Vault XP
 C = Vault XP percentage of total XP
 D = Non-vault monster count
 E = Vault monster count
 F = Vault count percentage of total count
                 A         B        C        D         E       F
            +---------+---------+-------+---------+---------+-------
      Total |      44 |       0 |   0.0 |      25 |       0 |   0.0
            +---------+---------+-------+---------+---------+-------
        D:1 |      44 |       0 |   0.0 |      25 |       0 |   0.0
            +---------+---------+-------+---------+---------+-------
